 Dungeon Crawl Stone Soup version 0.22-a0-354-g30dfbe6fde (webtiles) character file.

5173 Laan the Destroyer (level 10, -2/61 HPs)
             Began as a Gargoyle Wizard on Apr 17, 2018.
             Slain by a spiny frog (7 damage)
             ... on level 8 of the Dungeon.
             The game lasted 00:26:50 (10567 turns).

Laan the Destroyer (Gargoyle Wizard)               Turns: 10567, Time: 00:26:50

Health: -2/61      AC: 14    Str: 14    XL:     10   Next: 59%
Magic:  2/19       EV: 11    Int: 26    God:
Gold:   232        SH:  0    Dex:  8    Spells: 12/22 levels left

rFire    + . .     SeeInvis .   w - +1 spear (pierce)
rCold    + . .     Gourm    .   (no shield)
rNeg     + . .     Faith    .   y - +1 leather armour of the Poles {+Inv rC+ Str+3}
rPois    ∞         Spirit   .   b - +1 hat
rElec    +         Reflect  .   C - +0 cloak
rCorr    .         Harm     .   (no gloves)
MR       .....                  (no boots)
Stlth    +.........             (no amulet)
HPRegen  0.20/turn              e - +4 ring of intelligence
MPRegen  0.16/turn              f - ring of protection from fire

@: no status effects
A: negative energy resistance 1, electricity resistance, unbreathing,
petrification resistance, rot immunity, AC +7
a: Evoke Invisibility


You were on level 8 of the Dungeon.
You were not hungry.

You visited 3 branches of the dungeon, and saw 10 of its levels.

You collected 407 gold pieces.
You spent 175 gold pieces at shops.

Inventory:

Hand Weapons
 a - a +1 dagger of venom
 n - a +0 dagger of holy wrath
 w - a +1 spear of piercing (weapon)
Armour
 b - a +1 hat (worn)
 y - the +1 leather armour of the Poles (worn) {+Inv rC+ Str+3}
   (You bought it in a shop on level 4 of the Dungeon)

   It affects your strength (+3).
   It protects you from cold.
   It lets you turn invisible.
 C - a +0 cloak (worn)
Jewellery
 e - a +4 ring of intelligence (left hand)
 f - a ring of protection from fire (right hand)
 F - an uncursed ring of resist corrosion
 L - an uncursed ring of fire
Wands
 j - a wand of random effects (39)
 q - a wand of polymorph (9)
 x - a wand of iceblast (5)
 D - a wand of acid (10)
 G - a wand of scattershot (4)
Scrolls
 i - 4 scrolls of remove curse
 l - 4 scrolls of enchant weapon
 o - a scroll of blinking
 s - a scroll of teleportation
 t - a scroll of immolation
 u - a scroll of fog
Potions
 g - 3 potions of flight
 h - 3 potions of haste
 k - a potion of invisibility
 m - 2 potions of curing
 p - a potion of lignification
 z - 2 potions of brilliance {unknown}
 A - 2 potions of might {unknown}
 B - 3 potions of agility {unknown}
 E - a potion of ambrosia {unknown}
 H - 3 potions of heal wounds {unknown}
 I - a potion of berserk rage {unknown}
Comestibles
 d - 9 rations


   Skills:
 + Level 6.7 Fighting
 + Level 5.5 Polearms
 + Level 6.7 Armour
 - Level 1.5 Dodging
 - Level 2.1 Stealth
 + Level 6.5 Spellcasting
 * Level 9.9 Conjurations
   Level 0.8 Summonings
 - Level 0.8 Translocations


You had 12 spell levels left.
You knew the following spells:

 Your Spells              Type           Power        Failure   Level  Hunger
a - Magic Dart            Conj           ####         1%          1    None
b - Conjure Flame         Conj/Fire      ####....     3%          3    None
c - Blink                 Tloc           N/A          9%          2    None
d - Mephitic Cloud        Conj/Pois/Air  ####....     6%          3    None
e - Apportation           Tloc           ##....       6%          1    None


Dungeon Overview and Level Annotations

Branches:
Dungeon (8/15)             Temple (1/1) D:5            Lair (1/6) D:8

Altars:
Ashenzari
Cheibriados
Dithmenos
Elyvilon
Gozag
Hepliaklqana
Kikubaaqudgha
Makhleb
Nemelex Xobeh
Okawaru
Ru
Sif Muna
Trog
Wu Jian
Xom
Zin
The Shining One

Shops:
D:4 [   D:6 *   D:7 :


Innate Abilities, Weirdness & Mutations

You are resistant to torment.
Your stone body is resilient. (AC +7)
You are immune to poison.
You resist negative energy. (rN+)
You are resistant to electric shocks. (rElec)
You can survive without breathing.
You are immune to petrification.
You are immune to rotting.


Message History

Press: ? - help, Shift-Dir - straight line, f/p - spiny frog
Aim: a spiny frog (heavily wounded)
The magic dart hits the spiny frog.
The spiny frog is heavily wounded.
The spiny frog stings you!
* * * LOW HITPOINT WARNING * * *
You hit the spiny frog but do no damage.
The spiny frog is heavily wounded.
The spiny frog barely misses you.
You hit the spiny frog but do no damage.
The spiny frog is heavily wounded.
The spiny frog stings you but does no damage.
All of the chunks of flesh in your inventory have rotted away.
You hit the spiny frog but do no damage.
The spiny frog is heavily wounded.
The spiny frog stings you but does no damage.
You barely miss the spiny frog.
The spiny frog is heavily wounded.
The spiny frog stings you!
You die...

(#..# #..###...###..##.# #.#
....# #..##.....######.# #.#
..### #.##.P.....#####.# #.#
..#### #.##.......#..)..# #.#
..##.## #.##..P......########.#
....#.#####)##......P..#
#.......
...###......##.........#
#.##.#..
....#.########...F.P...#
#.##.#.. (.##.## #P.@......#
#.##.... ..#### #####.......###
#.##.##. ..# #...#.......#
#.##.##. ..#
#.####.....######....... .###
#.###########..#####.###
...#######.##.###..#..........#
....#...##.##.#..)...##.#######
.....###.#......#..####.#
.....# ##.###......####.#


You could see a spiny frog.

Vanquished Creatures
  2 two-headed ogres (D:8)
  The ghost of Perturabo the Carver, a novice DsGl of Okawaru (D:8)
  A komodo dragon (D:8)
  2 black bears (D:6)
  4 orc warriors
  2 ice beasts
  2 sky beasts
  A phantom (D:5)
  3 ogres
  A centaur (D:8)
  3 bullfrogs
  A gnoll sergeant (D:6)
  3 scorpions
  2 howler monkeys
  2 crimson imps
  A jelly (D:6)
  7 orc wizards
  A gnoll shaman (D:7)
  3 orc priests
  3 bullfrog skeletons
  7 hounds
  2 iguanas (D:8)
  Ijyb (D:5)
  9 worker ants
  2 hound skeletons
  6 gnolls
  8 adders
  2 shadow imps (D:6)
  An adder zombie (D:8)
  2 oozes
  6 worms
  3 dart slugs
  4 leopard geckos
  23 orcs
  10 giant cockroaches
  5 hobgoblins
  5 jackals
  4 quokkas
  4 ball pythons
  8 bats
  5 frilled lizards
  7 goblins
  A jackal skeleton (D:5)
  A jackal zombie (D:5)
  7 kobolds
  A leopard gecko zombie (D:8)
  A quokka zombie (D:7)
  10 rats
190 creatures vanquished.

Vanquished Creatures (others)
  36 plants (D:8)
36 creatures vanquished.

Grand Total: 226 creatures vanquished

Notes
Turn   | Place    | Note
-------+----------+-------------------------------------------
     0 | D:1      | Laan the Gargoyle Wizard began the quest for the Orb.
     0 | D:1      | Reached XP level 1. HP: 10/10 MP: 4/4
   560 | D:1      | Reached XP level 2. HP: 16/16 MP: 0/6
   742 | D:1      | Reached skill level 2 in Conjurations
   873 | D:1      | Reached skill level 1 in Fighting
  1026 | D:1      | Reached XP level 3. HP: 20/20 MP: 7/7
  1444 | D:2      | Reached skill level 1 in Armour
  1651 | D:2      | Reached XP level 4. HP: 25/25 MP: 3/8
  1782 | D:2      | Learned a level 3 spell: Conjure Flame
  1785 | D:2      | Learned a level 2 spell: Blink
  1789 | D:2      | Learned a level 3 spell: Mephitic Cloud
  2506 | D:3      | Reached skill level 3 in Conjurations
  2779 | D:3      | Reached skill level 1 in Polearms
  2927 | D:2      | Reached XP level 5. HP: 28/30 MP: 6/10
  3226 | D:3      | Noticed an orc warrior
  3240 | D:3      | Killed an orc warrior
  3240 | D:3      | Reached XP level 6. HP: 33/36 MP: 1/11
  3731 | D:3      | Reached skill level 4 in Conjurations
  4260 | D:4      | Found Kig Asua's Antique Armour Shop.
  4457 | D:4      | Found a sacrificial altar of Ru.
  4467 | D:4      | Found a burning altar of Makhleb.
  4633 | D:4      | Reached XP level 7. HP: 24/41 MP: 5/13
  5172 | D:5      | Entered Level 5 of the Dungeon
  5267 | D:5      | Reached skill level 5 in Conjurations
  5428 | D:5      | Found a staircase to the Ecumenical Temple.
  5473 | D:4      | Bought a blackened leather armour for 175 gold pieces
  5473 | D:4      | Identified the +1 leather armour of the Poles {+Inv rC+ Str+3} (You bought it in a shop on level 4 of the Dungeon)
  5583 | D:5      | Noticed Ijyb
  5668 | D:5      | Killed Ijyb
  5751 | D:5      | Reached XP level 8. HP: 48/48 MP: 2/14
  5907 | D:5      | Found an ancient bone altar of Kikubaaqudgha.
  6084 | D:5      | Reached skill level 6 in Conjurations
  6403 | D:6      | Found Ilokhoni's Serpentskin Sales.
  7460 | D:6      | Reached skill level 5 in Spellcasting
  7460 | D:6      | Reached skill level 7 in Conjurations
  7481 | D:6      | Reached XP level 9. HP: 43/52 MP: 0/16
  7691 | D:6      | Found an opulent altar of Gozag.
  7809 | Temple   | Entered the Ecumenical Temple
  8060 | D:7      | Learned a level 1 spell: Apportation
  8078 | D:7      | Reached skill level 5 in Armour
  8154 | D:6      | Reached skill level 5 in Fighting
  8410 | D:7      | Found Cogi's Book Emporium.
  8471 | D:7      | Found a shimmering altar of Xom.
  8759 | D:7      | Found a shimmering altar of Xom.
  8760 | D:7      | Found a shimmering altar of Xom.
  8761 | D:7      | Found a shimmering altar of Xom.
  8902 | D:7      | Found a deep blue altar of Sif Muna.
  9030 | D:8      | Reached skill level 8 in Conjurations
  9148 | D:8      | Noticed a two-headed ogre
  9165 | D:8      | Killed a two-headed ogre
  9411 | D:8      | Noticed a two-headed ogre
  9439 | D:8      | Killed a two-headed ogre
  9439 | D:8      | Reached skill level 5 in Polearms
  9439 | D:8      | Reached skill level 9 in Conjurations
  9439 | D:8      | Reached XP level 10. HP: 27/60 MP: 5/19
  9631 | D:8      | Noticed Perturabo's ghost (novice DsGl)
  9644 | D:8      | Killed Perturabo's ghost
 10328 | D:8      | Found a staircase to the Lair.
 10542 | Lair:1   | Entered Level 1 of the Lair of Beasts
 10542 | Lair:1   | Noticed a spiny frog
 10567 | D:8      | Slain by a spiny frog

Vault maps used:
D:1:      lightli_arrival_quake
D:2:      minmay_wonky_spiral
D:3:      first_ration, st_stairs_10
D:4:      makhleb_grotto_becter, nicolae_ru_path_of_blood, serial_shops, shop,
          serial_bayou_lagoon_a
D:5:      kiku_gazebo_pond_becter, minmay_temple_entry_from_below_a, uniq_ijyb
D:6:      marbit_many_paths, minivault_23, guppyfry_shop_venom
D:7:      xom_redecorated, led_sif_pool, serial_shops,
          nicolae_shop_competitors_out_of_business, basic_altar
D:8:      david_lair_shrubbed
Temple:   minmay_temple_curvy_loop

Skill      XL: |  1  2  3  4  5  6  7  8  9 |
---------------+----------------------------+-----
Conjurations   | 2 3 4 5 7 9 |  9.9
Fighting       | 1 2 3 4 6 |  6.7
Armour         | 1 2 3 4 6 |  6.7
Polearms       | 1 2 3 5 |  5.5
Spellcasting   | 4 5 6 |  6.5
Dodging        | |  1.5
Stealth        | |  2.1
Summonings     | |  0.8
Translocations | |  0.8

Action                   |  1- 3 |  4- 6 |  7- 9 | 10-12 || total
-------------------------+-------+-------+-------+-------++-------
Melee: Unarmed           |     5 |       |       |       ||     5
       Spear             |    40 |    22 |   233 |    87 ||   382
       Glaive            |       |    10 |     7 |       ||    17
 Cast: Magic Dart        |    72 |   172 |   207 |    67 ||   518
       Mephitic Cloud    |       |     4 |    35 |     8 ||    47
       Conjure Flame     |       |       |     2 |     1 ||     3
       Blink             |       |       |     1 |       ||     1
Evoke: Wand              |       |       |     5 |     1 ||     6
  Use: Scroll            |       |       |     5 |    11 ||    16
 Stab: Sleeping          |     2 |     1 |       |     1 ||     4
       Confused          |       |       |    25 |     1 ||    26
  Eat: Chunk             |     2 |     9 |    16 |     4 ||    31
Armor: Robe              |    24 |    21 |     1 |       ||    46
       Leather armour    |       |       |    58 |    17 ||    75
Dodge: Dodged            |    53 |    46 |    81 |    28 ||   208

Table legend:
 A = Spawn XP
 B = Non-spawn XP
 C = Spawn XP percentage of total XP
 D = Spawn monster count
 E = Non-spawn monster count
 F = Spawn count percentage of total count
 G = Total turns spent on level
                    A         B        C        D         E        F      G
               +---------+---------+-------+---------+---------+-------+---------
         Total |       0 |    7391 |   0.0 |       0 |     190 |   0.0 | 10567
               +---------+---------+-------+---------+---------+-------+---------
           D:1 |       0 |      51 |   0.0 |       0 |      28 |   0.0 |  1440
           D:2 |       0 |     122 |   0.0 |       0 |      22 |   0.0 |  1573
           D:3 |       0 |     253 |   0.0 |       0 |      38 |   0.0 |  1075
           D:4 |       0 |     386 |   0.0 |       0 |      12 |   0.0 |  1199
           D:5 |       0 |     683 |   0.0 |       0 |      14 |   0.0 |   937
           D:6 |       0 |    1440 |   0.0 |       0 |      31 |   0.0 |  1837
           D:7 |       0 |     400 |   0.0 |       0 |      17 |   0.0 |   680
           D:8 |       0 |    4056 |   0.0 |       0 |      28 |   0.0 |  1609
               +---------+---------+-------+---------+---------+-------+---------
